 Dungeon Crawl Stone Soup version 0.19.0-9-gfd783f2 (webtiles) character file.

10217 dobroeutro the Protected (level 11, -10/72 HPs)
             Began as a Gargoyle Fighter on Nov 7, 2016.
             Was a High Priest of Okawaru.
             Mangled by a hill giant
             ... wielding a +0 giant club
              (32 damage)
             ... on level 10 of the Dungeon.
             The game lasted 00:19:59 (8551 turns).

dobroeutro the Protected (Gargoyle Fighter)         Turns: 8551, Time: 00:19:59

Health: -10/72     AC: 22    Str: 23    XL:     11   Next: 58%
Magic:  11/12      EV: 11    Int:  8    God:    Okawaru [*****.]
Gold:   425        SH: 10    Dex: 10    Spells: 0 memorised, 10 levels left

rFire  + . .     SeeInvis .     N - +3 mace
rCold  . . .     Gourm    .     O - +0 scale mail of a Thousand Dances {rElec MR++} (curse)
rNeg   + . .     Faith    .     c - +0 shield
rPois  ∞         Spirit   .     (no helmet)
rElec  +         Reflect  .     t - +2 cloak
rCorr  .         Harm     .     i - +0 pair of gloves
MR     +++..                    A - +0 pair of boots {Stlth+}
Stlth  +.........               k - amulet of regeneration
                                H - ring of protection from fire
                                F - ring of protection from magic

@: no status effects
A: negative energy resistance 1, electricity resistance, unbreathing,
petrification resistance, rot immunity, AC +7
a: Heroism, Finesse, Renounce Religion


You were on level 10 of the Dungeon.
You worshipped Okawaru.
Okawaru was extremely pleased with you.
You were not hungry.

You visited 3 branches of the dungeon, and saw 12 of its levels.
You also visited: Sewer.

You collected 425 gold pieces.

Inventory:

Hand Weapons
 a - a +1 flail
 K - a +0 flail of holy wrath
 N - a +3 mace (weapon)
 Q - a +0 morningstar
Armour
 b - a +0 scale mail
 c - a +0 shield (worn)
 i - a +0 pair of gloves (worn)
 t - a +2 cloak (worn)
 A - a +0 pair of boots of stealth (worn)
 J - a +1 ring mail of fire resistance
 M - a +1 cloak of magic resistance
 O - the cursed +0 scale mail of a Thousand Dances (worn) {rElec MR++}
   (You found it on level 8 of the Dungeon)

   It insulates you from electricity.
   It affects your resistance to hostile enchantments.
   It has a curse placed upon it.
Jewellery
 k - an amulet of regeneration (around neck)
 F - a ring of protection from magic (left hand)
 H - a ring of protection from fire (right hand)
Wands
 q - a wand of polymorph (24/24)
 R - a wand of lightning (8/15)
 S - a wand of random effects (16/48)
Scrolls
 g - 10 scrolls of identify
 h - 3 scrolls of remove curse
 m - 2 scrolls of blinking
 n - 2 scrolls of fear
 v - 3 scrolls of random uselessness
 w - 3 scrolls of teleportation
 y - 3 scrolls of fog
 C - 2 scrolls of recharging
 G - a scroll of enchant weapon
Potions
 d - 2 potions of might
 e - 3 potions of lignification
 j - 3 potions of curing
 l - 3 potions of cancellation {unknown}
 o - 2 potions of brilliance {unknown}
 p - 3 potions of flight
 s - a potion of invisibility {unknown}
 x - a potion of cure mutation {unknown}
 z - 4 potions of haste
 B - a potion of heal wounds
 D - 2 potions of berserk rage
 I - a potion of agility {unknown}
 L - 2 potions of magic {unknown}
Comestibles
 f - 7 bread rations
 r - 5 meat rations
 u - 5 slices of pizza
 P - 2 fruits


   Skills:
 + Level 9.6 Fighting
 + Level 9.6 Maces & Flails
 + Level 9.9 Armour
 + Level 6.8 Dodging
 + Level 5.8 Shields
 + Level 2.1 Evocations


You had 10 spell levels left.
You didn't know any spells.

Dungeon Overview and Level Annotations

Branches:
Dungeon (10/15)            Temple (1/1) D:4            Lair (1/6) D:9
    Orc (0/2) D:10

Altars:
Ashenzari
Cheibriados
Dithmenos
Elyvilon
Fedhas
Gozag
Hepliaklqana
Kikubaaqudgha
Makhleb
Nemelex Xobeh
Okawaru
Qazlal
Ru
Sif Muna
Trog
Uskayaw
Vehumet
Xom
Yredelemnul
Zin
The Shining One

Shops:
D:7 ?[


Innate Abilities, Weirdness & Mutations

You are resistant to torment.
Your stone body is resilient. (AC +7)
You are immune to poison.
You resist negative energy. (rN+)
You are resistant to electric shocks. (rElec)
You can survive without breathing.
You are immune to petrification.
You are immune to rotting.


Message History

There is an open door here.
Evoke which item? (* to show all) (? for menu, Esc to quit)
Zapping:
S - a wand of random effects (will waste charges)
Press: ? - help, Shift-Dir - straight line, f - hill giant
Aim: a hill giant, wielding a giant club (moderately wounded)
The hill giant seems to speed up.
Evoking this partially-identified wand wasted a few charges.
The crimson imp lashes its tail.
The hill giant hits you with a giant club!
* * * LOW HITPOINT WARNING * * *
You feel much better. You block the hill giant's attack.
Evoke which item? (* to show all) (? for menu, Esc to quit)
Zapping:
S - a wand of random effects {zapped: 2} (will waste charges)
Press: ? - help, Shift-Dir - straight line, f/p - hill giant
Aim: a hill giant, wielding a giant club (moderately wounded, fast)
The hill giant seems to slow down.
Evoking this partially-identified wand wasted a few charges.
You feel like a meek peon again.
The hill giant hits you with a giant club!!
You die...

######### #....(..# #.......#
## #.......# #. #.......# #.
#.......# #. #.......# #.
.#############.......########.
..........5.C@.......'........
........######...(...######+#.
>................######.<.(..#
.######.########..# #......#
#.# ######.#####......# ..#
#.........##......# ..#
#.........##......# ..#
#.....(...##......# ....
...........#...##+##


You could see a hill giant and a crimson imp.

Vanquished Creatures
  The ghost of ReniFell the Grappler, a novice VSFi of Makhleb (D:8)
  2 hill giants (D:10)
  An elephant (D:9)
  A gargoyle (D:10)
  Joseph (D:7)
  A troll (D:10)
  A two-headed ogre (D:10)
  A hippogriff (D:7)
  2 wyverns
  16 yaks
  A hungry ghost (D:8)
  A water moccasin (D:8)
  Duvessa (D:7)
  A phantom (D:4)
  2 ogres
  8 orc warriors
  2 black bears
  2 necrophages
  2 crocodiles (D:9)
  2 centaurs (D:5)
  9 bullfrogs
  Dowan (D:7)
  A wyvern skeleton (D:8)
  2 scorpions
  3 howler monkeys
  3 crimson imps
  6 hounds
  A jelly (D:7)
  A bullfrog zombie (D:6)
  5 bullfrog skeletons
  7 orc priests
  Crazy Yiuf (D:7)
  2 centaur skeletons
  5 worker ants
  An iguana (D:9)
  Natasha (thrice) (D:4)
  10 orc wizards
  A hound skeleton (D:4)
  A worker ant zombie (D:6)
  A howler monkey skeleton (D:5)
  20 adders
  A river rat (D:4)
  2 shadow imps
  An adder zombie (D:5)
  3 dart slugs
  4 worms
  4 leopard geckos
  54 orcs
  9 ball pythons
  4 giant cockroaches
  9 goblins
  13 hobgoblins
  14 jackals
  9 quokkas
  A ball python skeleton (D:5)
  14 bats
  5 frilled lizards
  7 kobolds
  A quokka skeleton (D:7)
  A quokka zombie (D:7)
  5 rats
  2 plants (Sewer)
296 creatures vanquished.

Vanquished Creatures (others)
  A fungus (D:9)
  2 plants (D:9)
3 creatures vanquished.

Grand Total: 299 creatures vanquished

Notes
Turn   | Place    | Note
-------+----------+-------------------------------------------
     0 | D:1      | dobroeutro the Gargoyle Fighter began the quest for the Orb.
     0 | D:1      | Reached XP level 1. HP: 14/14 MP: 1/1
   399 | D:1      | Reached XP level 2. HP: 19/19 MP: 2/2
   809 | D:2      | Reached XP level 3. HP: 23/23 MP: 3/3
   956 | D:2      | Reached XP level 4. HP: 27/28 MP: 4/4
  1579 | D:3      | Reached skill level 5 in Maces & Flails
  1579 | D:3      | Reached XP level 5. HP: 32/32 MP: 5/5
  1717 | D:3      | Found a snail-covered altar of Cheibriados.
  1717 | D:3      | Found an ancient bone altar of Kikubaaqudgha.
  1718 | D:3      | Found a deep blue altar of Sif Muna.
  1758 | D:3      | Found a burning altar of Makhleb.
  2111 | D:4      | Noticed Natasha
  2116 | D:4      | Reached skill level 1 in Dodging
  2116 | D:4      | Reached skill level 1 in Evocations
  2139 | D:4      | Killed Natasha
  2139 | D:4      | Reached XP level 6. HP: 33/37 MP: 6/6
  2178 | D:4      | Noticed Natasha
  2180 | D:4      | Noticed a phantom
  2188 | D:4      | Killed Natasha
  2228 | D:4      | Killed a phantom
  2228 | D:4      | Reached XP level 7. HP: 36/43 MP: 8/8
  2271 | D:4      | Found a glowing golden altar of the Shining One.
  2293 | D:4      | Found a glowing drain.
  2330 | Sewer    | Entered a sewer
  3159 | D:4      | Noticed Natasha
  3175 | D:4      | Killed Natasha
  3252 | D:4      | Found a staircase to the Ecumenical Temple.
  3376 | Temple   | Entered the Ecumenical Temple
  3456 | D:5      | Entered Level 5 of the Dungeon
  3470 | D:5      | Reached skill level 5 in Armour
  3533 | D:5      | Reached skill level 5 in Fighting
  3533 | D:5      | Reached XP level 8. HP: 28/49 MP: 9/9
  4122 | D:6      | Found an iron altar of Okawaru.
  4134 | D:6      | Became a worshipper of Warmaster Okawaru
  4906 | D:7      | Found Titomylif's Distillery.
  5027 | D:7      | Found a runed door.
  5078 | D:7      | Found a shadowy altar of Dithmenos.
  5099 | D:6      | Reached XP level 9. HP: 22/55 MP: 10/10
  5187 | D:7      | Reached * piety under Okawaru
  5274 | D:7      | Noticed Dowan
  5275 | D:7      | Noticed Duvessa
  5283 | D:7      | Killed Duvessa
  5292 | D:7      | Killed Dowan
  5362 | D:7      | Found Waheck's Magic Scroll Boutique.
  5486 | D:7      | Reached ** piety under Okawaru
  5530 | D:7      | Noticed Joseph
  5558 | D:7      | Killed Joseph
  5583 | D:7      | Found Nauschiu's Armour Emporium.
  5836 | D:7      | Noticed Crazy Yiuf
  5845 | D:7      | Killed Crazy Yiuf
  6097 | D:8      | Reached skill level 5 in Dodging
  6201 | D:8      | Reached XP level 10. HP: 52/63 MP: 11/11
  6207 | D:8      | Reached *** piety under Okawaru
  6327 | D:8      | Got a jewelled scale mail
  6340 | D:8      | Identified the cursed +0 scale mail of a Thousand Dances {rElec MR++} (You found it on level 8 of the Dungeon)
  6418 | D:8      | Found a blossoming altar of Fedhas.
  6437 | D:8      | Noticed ReniFell's ghost (novice VSFi)
  6649 | D:8      | Killed ReniFell's ghost
  6688 | D:8      | Got a crude short sword
  6689 | D:8      | Identified the +9 short sword of Poverty {freeze, MP+9} (You found it on level 8 of the Dungeon)
  7056 | D:8      | Reached **** piety under Okawaru
  7373 | D:9      | Found a staircase to the Lair.
  7373 | D:9      | Noticed an elephant
  7412 | D:9      | Killed an elephant
  7501 | D:9      | Reached XP level 11. HP: 24/69 MP: 12/12
  7541 | D:9      | Reached ***** piety under Okawaru
  7815 | Lair:1   | Entered Level 1 of the Lair of Beasts
  7832 | D:10     | Entered Level 10 of the Dungeon
  7871 | D:10     | Reached skill level 5 in Shields
  7956 | D:10     | Received a gift from Okawaru
  8098 | D:10     | Noticed a hill giant
  8128 | D:10     | Killed a hill giant
  8185 | D:10     | Found a staircase to the Orcish Mines.
  8266 | D:10     | Noticed a hill giant
  8291 | D:10     | Killed a hill giant
  8530 | D:10     | Noticed a hill giant
  8549 | D:10     | HP: 2/72 [hill giant/giant club (14)]
  8551 | D:10     | Mangled by a hill giant

Skill      XL: |  1  2  3  4  5  6  7  8  9 10 11 |
---------------+----------------------------------+-----
Maces & Flails | 3 4 5 6 8 9 |  9.6
Dodging        | 1 2 3 5 6 |  6.8
Evocations     | 1 2 |  2.1
Armour         | 4 5 6 7 9 |  9.9
Fighting       | 4 5 6 7 8 9 |  9.6
Shields        | 4 5 |  5.8

Action                   |  1- 3 |  4- 6 |  7- 9 | 10-12 || total
-------------------------+-------+-------+-------+-------++-------
Melee: Flail             |   157 |   264 |   668 |     5 ||  1094
       Mace              |       |       |       |   632 ||   632
Invok: Heroism           |       |       |     1 |     6 ||     7
Evoke: Wand              |       |       |       |     3 ||     3
  Use: Scroll            |       |    10 |     1 |     1 ||    12
       Potion            |       |       |     3 |     2 ||     5
  Eat: Chunk             |       |     5 |    10 |    10 ||    25
       Beef jerky        |       |       |     1 |       ||     1
       Bread ration      |       |       |     1 |       ||     1
       Royal jelly       |       |       |       |     2 ||     2
Armor: Scale mail        |   109 |   150 |   268 |   249 ||   776
       Ring mail         |       |       |    30 |    15 ||    45
Dodge: Dodged            |    69 |    87 |   222 |   268 ||   646
Block: Shield            |   131 |   152 |   326 |   300 ||   909
